Map: Dusty Gorge

Players

Olan

  • Race: Zerg Zerg
  • Spawn Location: 5:00

COLE

  • Race: Protoss Protoss
  • Spawn Location: 3:00

OpuS - Winner!

  • Race: Protoss Protoss
  • League: Platinum
  • Spawn Location: 11:00

Sketchaphone - Winner!

  • Race: Zerg Zerg
  • League: Platinum
  • Spawn Location: 9:00

VOD

Have the link to the VOD?

Description

Time

  • Played on: Feb. 6, 2019, 8:29 p.m.
  • Length: 17:52
Show
View Real Time Build Order
Export as new Build Order

Olan Zerg 

Build Orders: Hatch First 

Get SALT Encoding   

  12  0:01  Drone  
  13  0:09  Drone  
  14  0:17  Overlord  
  14  0:36  Drone  
  14  0:37  Drone x2  
  17  0:57  Hatchery  
  16  1:11  Spawning Pool  
  15  1:12  Drone  
  15  1:13  Drone  
  15  1:17  Drone  
  18  1:24  Drone  
  19  1:32  Extractor  
  18  1:36  Drone  
  19  1:47  Drone  
  21  2:07  Overlord  
  21  2:11  Queen  
  22  2:16  Drone  
  22  2:17  Queen  
  22  2:20  Drone  
  22  2:22  Drone  
  28  2:30  Zergling x2  
  28  2:31  Drone  
  29  2:38  Metabolic Boost  
  29  2:40  Drone  
  29  2:43  Drone  
  31  2:50  Drone  
  32  2:51  Queen  
  32  2:54  Drone  
  35  3:03  Drone  
  36  3:07  Overlord  
  36  3:13  Roach Warren, Drone  
  36  3:19  Overlord  
  36  3:25  Overlord  
  36  3:27  Zergling x6  
  36  3:32  Baneling Nest, Zergling x2  
  39  3:41  Zergling x4  
  41  3:58  Zergling x6  
  41  4:01  Lair  
  41  4:02  Drone  
  45  4:05  Drone x3  
  45  4:06  Extractor  
  45  4:09  Zergling x2  
  48  4:15  Zergling x2  
  49  4:19  Zergling x2  
  50  4:26  Spore Crawler  
  49  4:32  Baneling x4  
  49  4:33  Baneling  
  49  4:34  Zergling x4  
  49  4:37  Drone  
  52  4:39  Spore Crawler  
  52  4:42  Zergling x2  
  52  4:43  Zergling x4  
  39  5:15  Zergling x6  
  39  5:16  Zergling x6  
  45  5:36  Drone  
  45  5:37  Hatchery  
  45  5:38  Drone  
  45  5:41  Baneling x5  
  45  5:43  Drone  
  45  5:44  Drone  
  45  5:46  Extractor  
  45  5:47  Drone  
  45  5:48  Extractor  
  45  5:49  Drone x3  
  49  5:50  Overlord  
  49  5:56  Evolution Chamber  
  48  5:59  Evolution Chamber  
  44  6:29  Roach x4  
  44  6:30  Roach x4  
  44  6:32  Glial Reconstitution  
  60  6:49  Zerg Ground Armor Level 1  
  60  6:53  Drone x3  
  63  6:57  Drone x2  
  65  7:07  Drone  
  66  7:08  Overlord  
  66  7:09  Overlord x4  
  66  7:21  Drone x4  
  65  7:28  Zerg Missile Weapons Level 1  
  65  7:31  Drone x3  
  65  7:33  Drone  
  65  7:34  Drone x2  
  71  7:40  Drone  
  72  7:44  Hydralisk Den  
  72  7:45  Drone  
  72  7:46  Drone  
  72  7:47  Drone x2  
  72  7:49  Queen  
  77  7:56  Overlord  
  77  8:16  Grooved Spines, Hydralisk x10  
  77  8:17  Hydralisk  
  99  8:21  Drone  
  99  8:26  Spore Crawler  
  99  8:29  Spine Crawler  
  99  8:31  Drone  
  99  8:33  Spine Crawler  
  98  8:36  Drone x3  
  98  8:37  Drone  
  102  8:46  Drone  
  101  9:08  Zergling x2  
  101  9:09  Zergling x18  
  111  9:20  Drone x2  
  111  9:21  Drone  
  111  9:23  Extractor  
  111  9:24  Drone  
  114  9:25  Extractor  
  113  9:36  Drone  
  114  9:44  Overlord x4  
  114  9:45  Overlord x2  
  114  10:00  Infestation Pit  
  114  10:01  Overlord x6  
  114  10:05  Muscular Augments  
  106  10:33  Zergling x20  
  113  10:45  Centrifical Hooks  
  113  10:48  Zergling x12  
  119  10:52  Zerg Melee Weapons Level 1  
  119  10:53  Zerg Ground Armor Level 2  
  119  10:55  Drone  
  120  10:58  Hatchery  
  103  11:28  Zergling x2  
  103  11:29  Zergling x26  
  115  11:52  Overseer x3  
  115  12:00  Lurker Den  
  114  12:01  Hive  
  114  12:12  Zergling x2  
  114  12:13  Zergling x24  
  115  12:25  Zergling x8  
  119  12:37  Zergling x12  
  124  12:47  Zergling x6  
  124  12:48  Overlord  
  89  13:32  Hydralisk  
  89  13:33  Hydralisk x11  
  105  14:05  Hydralisk x8  
  113  14:12  Hatchery  
  105  14:18  Zergling x6  
  105  14:19  Zergling x16  
  114  14:27  Zergling x2  
  114  14:28  Zergling x4  
  117  14:39  Hydralisk x5  
  119  15:08  Hydralisk x12  
  119  15:09  Hydralisk  
  141  15:23  Hydralisk x7  
Show
View Real Time Build Order
Export as new Build Order

COLE Protoss 

Build Orders: Oracle Opening, Phoenix Opening 

Get SALT Encoding   

  12  0:01  Probe  
  13  0:13  Probe  
  14  0:25  Probe  
  15  0:28  Pylon  
  15  0:44  Probe  
  15  0:47  Gateway  
  16  0:52  Probe  
  17  0:59  Assimilator  
  17  1:01  Probe  
  17  1:02  Assimilator  
  18  1:07  Pylon  
  18  1:13  Probe  
  19  1:25  Probe  
  20  1:37  Probe  
  21  1:42  Cybernetics Core  
  21  1:49  Probe  
  22  2:01  Probe  
  23  2:18  Pylon  
  23  2:19  Zealot  
  25  2:25  Stargate  
  25  2:28  Probe  
  25  2:29  Warp Gate  
  26  2:52  Nexus  
  26  2:53  Probe  
  27  3:00  Oracle  
  27  3:10  Shield Battery  
  29  3:29  Probe, Phoenix  
  32  3:41  Probe  
  32  3:48  Gateway  
  33  3:49  Gateway  
  36  3:59  Probe  
  37  4:11  Probe  
  37  4:13  Phoenix  
  37  4:31  Phoenix  
  35  4:46  Probe x2  
  35  4:48  Phoenix  
  37  4:58  Probe x2  
  41  5:07  Probe  
  41  5:08  Probe  
  41  5:11  Pylon  
  41  5:12  Phoenix  
  45  5:15  Probe  
  45  5:16  Probe  
  45  5:17  Assimilator  
  47  5:24  Probe x2  
  49  5:30  Pylon  
  49  5:36  Probe x2  
  51  5:43  Pylon  
  51  5:48  Probe  
  51  5:49  Probe  
  53  5:57  Pylon  
  53  6:01  Probe  
  54  6:18  Probe x2  
  56  6:21  Phoenix  
  58  6:27  Stargate  
  58  6:30  Pylon, Probe x2  
  58  6:31  Protoss Air Weapons Level 1  
  60  6:42  Probe x2  
  60  6:46  Assimilator, Phoenix  
  64  6:49  Forge  
  64  6:59  Pylon  
  64  7:02  Pylon  
  64  7:11  Phoenix  
  64  7:14  Phoenix  
  68  7:18  Pylon  
  68  7:23  Pylon  
  68  7:33  Probe x2  
  68  7:36  Phoenix  
  72  7:39  Phoenix  
  74  8:00  Probe x2  
  74  8:01  Phoenix  
  74  8:04  Phoenix  
  80  8:16  Zealot x3  
  86  8:30  Gateway  
  86  8:32  Gateway  
  86  8:33  Gateway  
  86  8:34  Gateway x2  
  86  8:41  Gateway  
  86  8:48  Twilight Council  
  86  8:50  Zealot x3  
  77  9:08  Protoss Ground Weapons Level 1  
  76  9:21  Probe x2  
  78  9:31  Forge  
  78  9:33  Probe x2  
  78  9:34  Nexus  
  80  9:41  Probe  
  80  9:45  Probe  
  82  9:46  Nexus  
  82  9:47  Phoenix x2  
  82  9:49  Probe  
  82  9:50  Protoss Ground Armor Level 1  
  86  9:52  Nexus, Pylon  
  86  9:56  Charge  
  86  9:57  Probe x2  
  88  10:05  Probe  
  89  10:09  Probe  
  89  10:14  Probe  
  92  10:21  Probe  
  92  10:25  Templar Archives  
  93  10:34  Probe  
  94  10:38  Fleet Beacon  
  94  10:44  Pylon  
  94  10:45  Pylon  
  94  10:47  Probe x3  
  94  10:49  Pylon  
  97  10:50  Pylon  
  97  10:51  Pylon  
  97  10:52  Pylon  
  97  10:59  Probe  
  94  11:11  Zealot  
  94  11:12  Zealot x5  
  99  11:31  Zealot x2  
  99  11:32  Zealot x3  
  93  11:33  Zealot  
  93  11:41  Probe  
  93  11:42  Assimilator  
  94  11:47  Assimilator  
  94  11:50  Photon Cannon  
  94  11:56  High Templar x2  
  94  12:01  Archon  
  90  12:13  High Templar x4  
  94  12:22  Zealot x3  
  90  12:29  Probe x2  
  90  12:32  Probe  
  90  12:36  Protoss Ground Armor Level 2  
  93  12:37  Probe x2  
  93  12:40  Protoss Ground Weapons Level 2  
  95  12:44  Probe  
  95  12:45  Zealot  
  95  12:46  Zealot x2, Probe  
  95  12:47  Probe  
  104  12:57  Probe  
  105  12:58  Archon x2  
  105  13:03  Pylon  
  105  13:06  Pylon  
  105  13:24  Tempest  
  105  13:25  Tempest  
  115  13:28  Probe x3  
  115  13:33  Probe  
  119  13:40  Probe x3  
  122  13:42  Zealot x4  
  130  14:06  Zealot x2  
  130  14:07  Zealot  
  120  14:10  Zealot x2  
  47  15:43  Nexus  
  30  17:24  Nexus  
Show
View Real Time Build Order
Export as new Build Order

OpuS Protoss - Winner!

Build Orders: Oracle Opening, Carriers 

Get SALT Encoding   

  12  0:01  Probe  
  13  0:13  Probe  
  14  0:22  Pylon  
  14  0:25  Probe  
  15  0:40  Probe  
  16  0:44  Gateway  
  16  0:48  Probe  
  16  0:56  Probe, Assimilator  
  18  1:06  Probe  
  19  1:18  Probe  
  20  1:29  Gateway  
  20  1:34  Probe  
  20  1:35  Cybernetics Core  
  21  1:42  Probe  
  22  1:52  Probe  
  22  1:54  Pylon  
  23  2:12  Probe  
  24  2:17  Stargate  
  24  2:20  Zealot  
  24  2:21  Zealot  
  28  2:24  Probe  
  29  2:33  Probe  
  30  2:41  Probe  
  30  2:42  Assimilator  
  31  2:57  Pylon  
  31  3:00  Pylon  
  31  3:15  Stalker, Probe  
  34  3:20  Oracle  
  34  3:33  Zealot  
  38  3:40  Probe  
  39  3:45  Zealot  
  39  3:46  Nexus  
  41  4:00  Shield Battery  
  37  4:11  Probe  
  34  4:20  Probe  
  35  4:25  Void Ray  
  35  4:30  Probe  
  40  4:42  Probe  
  38  4:54  Probe  
  38  4:58  Probe  
  40  5:06  Probe  
  41  5:10  Probe, Void Ray  
  46  5:15  Twilight Council  
  46  5:18  Probe  
  47  5:21  Forge  
  47  5:22  Probe  
  48  5:30  Probe  
  49  5:46  Warp Gate  
  49  5:53  Void Ray  
  49  5:56  Probe  
  55  5:57  Probe  
  51  6:09  Photon Cannon  
  51  6:10  Probe x2  
  53  6:12  Photon Cannon  
  53  6:13  Assimilator  
  53  6:16  Assimilator  
  53  6:18  Charge  
  51  6:19  Pylon  
  51  6:22  Probe  
  52  6:28  Stargate  
  52  6:35  Probe x2  
  52  6:36  Gateway  
  55  6:47  Probe  
  55  7:02  Void Ray  
  59  7:09  Photon Cannon, Probe x2  
  59  7:12  Photon Cannon  
  61  7:21  Probe x2, Void Ray  
  67  7:26  Protoss Air Weapons Level 1  
  65  7:34  Probe  
  65  7:35  Probe  
  67  7:37  Zealot  
  69  7:45  Pylon  
  69  7:46  Pylon  
  69  7:47  Pylon  
  69  7:55  Shield Battery  
  69  7:57  Probe  
  70  8:02  Void Ray  
  74  8:13  Void Ray  
  74  8:16  Zealot  
  80  8:45  Nexus  
  62  8:53  Pylon  
  56  9:04  Fleet Beacon  
  56  9:08  Stargate  
  56  9:11  Stargate  
  52  9:29  Zealot  
  52  9:30  Zealot x2  
  58  9:39  Carrier  
  58  9:42  Carrier  
  58  9:45  Carrier  
  76  10:04  Probe x2  
  76  10:05  Probe  
  79  10:17  Carrier  
  85  10:27  Mothership  
  85  10:35  Pylon  
  85  10:43  Carrier  
  91  10:51  Probe  
  91  10:52  Assimilator  
  91  10:56  Assimilator  
  100  11:04  Probe x2  
  100  11:08  Photon Cannon  
  102  11:11  Photon Cannon  
  102  11:16  Pylon, Probe  
  103  11:22  Protoss Air Weapons Level 2  
  103  11:32  Cybernetics Core  
  103  11:37  Carrier  
  109  11:45  Probe x2  
  111  11:57  Carrier, Probe x2  
  119  12:03  Pylon  
  119  12:09  Probe  
  119  12:12  Protoss Air Armor Level 1  
  120  12:17  Carrier  
  120  12:22  Pylon  
  126  12:31  Carrier  
  132  12:44  Carrier  
  138  13:05  Tempest  
  143  13:21  Tempest  
  148  13:36  Stargate  
  148  13:39  Stargate  
  148  13:48  Pylon  
  148  13:50  Pylon  
  148  13:51  Pylon  
  147  14:00  Zealot  
  149  14:06  Tempest  
  149  14:08  Tempest  
  158  14:11  Tempest x2  
  168  14:49  Tempest  
  173  14:59  Tempest  
  169  15:03  Tempest  
  169  15:04  Tempest  
  147  15:43  Tempest  
Show
View Real Time Build Order
Export as new Build Order

Sketchaphone Zerg - Winner!

Build Orders: Hatch First 

Get SALT Encoding   

  12  0:01  Drone  
  13  0:12  Overlord  
  13  0:18  Drone  
  14  0:22  Extractor  
  14  0:24  Drone  
  15  0:34  Drone  
  16  0:39  Drone  
  17  0:59  Hatchery  
  17  1:03  Drone  
  17  1:04  Drone  
  17  1:05  Extractor  
  17  1:22  Spawning Pool  
  16  1:32  Drone  
  17  1:43  Drone x2  
  17  1:44  Drone  
  20  1:54  Overlord  
  20  2:08  Hatchery  
  20  2:11  Metabolic Boost  
  19  2:22  Queen  
  22  2:30  Drone  
  22  2:35  Zergling x4  
  24  2:42  Zergling x2  
  25  2:44  Drone x2  
  27  2:52  Drone  
  27  2:53  Drone  
  29  3:04  Queen  
  31  3:09  Drone x3  
  31  3:11  Drone  
  35  3:23  Drone  
  35  3:24  Drone  
  37  3:28  Drone  
  37  3:29  Drone x2  
  40  3:37  Drone  
  40  3:38  Drone  
  42  3:52  Overlord  
  42  3:54  Spine Crawler  
  41  4:06  Spine Crawler  
  40  4:10  Queen  
  42  4:21  Overlord  
  41  4:34  Spine Crawler  
  41  4:35  Zergling x2  
  41  4:39  Drone x2, Hatchery  
  41  4:40  Spore Crawler, Drone  
  41  4:45  Drone  
  42  5:06  Zergling x14  
  49  5:08  Zergling x2  
  49  5:11  Overlord, Lair  
  49  5:12  Overlord x2  
  50  5:22  Overlord x2  
  50  5:26  Spore Crawler x2  
  48  5:28  Spore Crawler x2  
  48  5:29  Queen x2  
  48  5:33  Spore Crawler  
  49  5:36  Zergling x8  
  53  5:45  Zergling x10  
  58  5:55  Evolution Chamber  
  49  6:27  Overlord, Drone x4  
  49  6:28  Overlord  
  49  6:30  Zerg Ground Armor Level 1  
  53  6:34  Drone x11  
  53  6:35  Evolution Chamber  
  53  6:37  Hydralisk Den  
  53  6:38  Overlord x2  
  53  6:39  Queen  
  64  6:41  Queen  
  66  6:54  Extractor  
  66  6:56  Extractor  
  62  7:19  Drone x4  
  62  7:20  Drone x11  
  71  7:29  Grooved Spines  
  71  7:40  Pneumatized Carapace  
  71  7:42  Drone  
  71  7:43  Drone  
  73  7:48  Extractor  
  73  7:51  Spore Crawler  
  71  7:52  Spore Crawler  
  71  7:54  Spore Crawler  
  71  7:55  Queen  
  71  7:56  Drone x11  
  71  7:58  Overlord x2  
  80  8:03  Hydralisk x3  
  80  8:05  Hydralisk  
  88  8:16  Hydralisk x2  
  88  8:17  Zergling x12  
  98  8:27  Zergling x6  
  101  8:33  Zergling x4  
  103  8:38  Overlord  
  101  8:55  Hatchery  
  95  9:04  Hydralisk x9  
  95  9:07  Zergling x14  
  117  9:12  Zerg Melee Weapons Level 1  
  117  9:16  Zergling x6  
  116  9:21  Extractor  
  116  9:23  Extractor  
  114  9:29  Extractor  
  114  9:31  Extractor  
  112  9:50  Overlord x4  
  112  9:52  Extractor  
  111  9:53  Overseer  
  111  9:56  Extractor  
  110  10:02  Queen  
  112  10:09  Zerg Ground Armor Level 2  
  112  10:13  Muscular Augments  
  112  10:14  Overlord x4  
  112  10:15  Overlord, Hydralisk x12  
  112  10:16  Evolution Chamber  
  112  10:19  Queen  
  135  10:42  Overlord x2  
  135  10:43  Zergling x16  
  135  10:44  Zergling x8  
  135  10:49  Infestation Pit  
  146  10:51  Burrow  
  146  10:52  Zerg Missile Weapons Level 1  
  111  11:27  Hydralisk x4  
  111  11:28  Infestor x2  
  111  11:31  Zergling x22  
  123  11:42  Hive  
  123  11:43  Zerg Melee Weapons Level 2  
  77  12:24  Hydralisk x5  
  85  12:36  Hydralisk x16  
  108  12:48  Infestor x2  
  108  12:50  Hydralisk x4  
  111  12:52  Zergling x2  
  108  13:09  Zerg Missile Weapons Level 2  
  107  13:16  Hydralisk  
  105  13:29  Zergling x18  
  105  13:30  Zergling x10  
  119  13:41  Drone x5  
  111  14:27  Hydralisk x12  
  125  14:51  Zergling x12  
  93  15:42  Zergling x18  
  76  16:28  Spawning Pool  
  76  16:32  Infestor x9  
  93  16:33  Hydralisk Den  
  67  17:21  Zergling x2  
  67  17:22  Zergling x20  
  66  17:33  Zergling x2  
  64  17:40  Hatchery  
Tags
 
Add a new tag
Caveats
  • Supply blocks, unpowered buildings, or Contaminate may cause inaccurate times.
  • Supply counts are checked every 10 seconds.